 Dungeon Crawl Stone Soup version 0.29.1-12-g30fa7ad0bf (webtiles) character file.

Game seed: 737855546926555495

202381 DildoBatman the Earth Mage (level 19, -1/131 HPs)
             Began as a Formicid Conjurer on Jan 17, 2023.
             Was an Initiate of Gozag.
             Slain by an ice dragon (9 damage)
             ... on level 4 of the Swamp.
             The game lasted 02:04:11 (29528 turns).

DildoBatman the Earth Mage (Formicid Conjurer)     Turns: 29528, Time: 02:04:12

Health: -1/131     AC: 21    Str: 11    XL:     19   Next: 28%
Magic:  38/38      EV: 16    Int: 40    God:    Gozag
Gold:   5450       SH: 16    Dex: 17    Spells: 15/48 levels left

rFire   + + .      SeeInvis +   a - +3 Elemental Staff {rElec rF++ rC++ AC+5}
rCold   + + .      Faith    .   A - +2 kite shield {reflect}
rNeg    . . .      Spirit   .   o - +4 troll leather armour
rPois   .          Reflect  +   (helmet unavailable)
rElec   +          Harm     .   j - +1 cloak {Stlth+}
rCorr   .          Rampage  .   O - +1 pair of gloves
Will    +....                   U - +0 pair of boots
Stlth   +++.......              m - amulet of magic regeneration
HPRegen 1.11/turn               f - ring "Atoiwuqasm" {Int+4 Dex+6}
MPRegen 0.66/turn               x - +6 ring of intelligence

@: gold aura
A: permanent stasis, dig shafts and tunnels, antennae 3, four strong arms,
clever 1, frail 1
}: 1/15 runes: serpentine
a: Dig, Shaft Self, Renounce Religion, Potion Petition, Call Merchant, Bribe
Branch


You were on level 4 of the Swamp.
You worshipped Gozag.
Gozag was greatly pleased with you.
You visited 6 branches of the dungeon, and saw 31 of its levels.
You visited 1 bazaar.

You collected 9290 gold pieces.
You spent 3202 gold pieces at shops.
You paid 638 gold pieces to Gozag.

Inventory:

Hand Weapons
 a - the +3 Elemental Staff (weapon) {rElec rF++ rC++ AC+5}
   (You took it off a tengu reaver on level 15 of the Dungeon)

   If the wielder is skilled in Evocations, they can discharge powerful blasts
   of elemental energy when striking with it.
   It enhances your fire, ice, earth and air magic.
   AC:        It affects your AC (+5).
   rF:        It greatly protects you from fire.
   rC:        It greatly protects you from cold.
   rElec:     It insulates you from electricity.
 b - the +7 dagger of Dried Tears {vorpal, rPois rF+ rC+++ Dex-4}
   (You found it on level 11 of the Dungeon)

   It inflicts extra damage upon your enemies.
   Dex:       It affects your dexterity (-4).
   rF:        It protects you from fire.
   rC:        It renders you almost immune to cold.
   rPois:     It protects you from poison.
 c - a +0 arbalest of flaming
 d - the +7 falchion "Pozamaofo" {protect, *Slow rC- Will+++ rCorr}
   (You found it on level 5 of the Lair of Beasts)

   It grants its wielder temporary protection when it strikes (+7 to AC).
   rC:        It makes you vulnerable to cold.
   rCorr:     It protects you from acid and corrosion.
   *Slow:     It may slow you when you take damage.
   Will:      It greatly increases your willpower.
 e - the +7 spear of the Poles {freeze, rC+ rCorr Str+3}
   (You found it on level 6 of the Dungeon)

   It freezes those it strikes, dealing additional cold damage.
   It can also slow down cold-blooded creatures.
   Str:       It affects your strength (+3).
   rC:        It protects you from cold.
   rCorr:     It protects you from acid and corrosion.
Missiles
 i - 5 javelins
 s - 27 poisoned darts
 K - 4 curare-tipped darts
 R - 4 atropa-tipped darts
Armour
 j - a +1 cloak of stealth (worn)
 o - a +4 troll leather armour (worn)
 u - a +0 tower shield
 A - a +2 kite shield of reflection (worn)
 O - a +1 pair of gloves (worn)
 U - a +0 pair of boots (worn)
Jewellery
 f - the ring "Atoiwuqasm" (left hand) {Int+4 Dex+6}
   (You found it on level 5 of the Lair of Beasts)

   [ring of dexterity]

   Int:       It affects your intelligence (+4).
   Dex:       It affects your dexterity (+6).
 m - an amulet of magic regeneration (around neck)
 q - a ring of flight
 x - a +6 ring of intelligence (right hand)
 B - a +4 ring of protection
Wands
 w - a wand of digging (4)
 L - a wand of roots (25)
 Y - a wand of quicksilver (20)
Scrolls
 h - 7 scrolls of fear
 t - 10 scrolls of fog
 v - 4 scrolls of enchant armour
 z - 6 scrolls of identify
 C - a scroll of magic mapping
 D - 2 scrolls of enchant weapon
 E - 6 scrolls of immolation
 H - 2 scrolls of summoning
 M - 2 scrolls of silence {unknown}
 V - 2 scrolls of poison
 X - 2 scrolls of torment
 Z - 2 scrolls of brand weapon
Potions
 g - 4 potions of brilliance
 k - 8 potions of might
 l - 2 potions of cancellation {unknown}
 r - 12 potions of curing
 y - 3 potions of magic
 F - 5 potions of invisibility
 G - 3 potions of resistance {unknown}
 I - 2 potions of ambrosia
 J - a potion of mutation
 P - 10 potions of heal wounds
Miscellaneous
 N - a phantom mirror
 S - a phial of floods


   Skills:
 - Level 12.0 Fighting
 - Level 2.0 Polearms
 - Level 12.0 Armour
 - Level 9.0 Dodging
 - Level 2.4 Stealth
 - Level 15.0 Shields
 * Level 15.3 Spellcasting
 - Level 4.0 Conjurations
 * Level 15.3 Necromancy
 - Level 0.3 Transmutations
 - Level 2.0 Air Magic
 * Level 16.5 Earth Magic
 - Level 4.0 Poison Magic


You had 15 spell levels left.
You knew the following spells:

 Your Spells              Type           Power      Damage    Failure   Level
a - Borgnjor's Vile Clut  Necr/Erth      63%        N/A       1%          5
b - Iron Shot             Conj/Erth      53%        9d10      4%          6
c - Statue Form           Tmut/Erth      66%        N/A       10%         6
d - Vampiric Draining     Necr           100%       2d13      0%          3
e - Mephitic Cloud        Conj/Pois/Air  72%        N/A       1%          3
f - Flame Wave            Conj/Fire      63%        2d15      9%          4
h - Dispel Undead         Necr           100%       3d31      1%          4
z - Sublimation of Blood  Necr           100%       N/A       0%          2

Your spell library contained the following spells:

 Spells                   Type           Power      Damage    Failure   Level
 Necrotise                Necr           100%       1d9       0%          1
 Apportation              Tloc           60%        N/A       1%          1
 Beastly Appendage        Tmut           66%        N/A       1%          1
 Magic Dart               Conj           100%       1d8       1%          1
 Slow                     Hex            100%       N/A       1%          1
 Sting                    Tmut/Pois      100%       1d8       1%          1
 Summon Small Mammal      Summ           100%       N/A       1%          1
 Poisonous Vapours        Pois/Air       100%       N/A       1%          2
 Searing Ray              Conj           100%       2d8       1%          2
 Static Discharge         Conj/Air       70%        3-12/arc  1%          2
 Stone Arrow              Conj/Erth      100%       3d13      1%          3
 Leda's Liquefaction      Hex/Erth       49%        N/A       1%          4
 Agony                    Necr           100%       N/A       1%          5
 Death Channel            Necr           50%        N/A       1%          6
 Dazzling Flash           Conj/Hex       92%        N/A       2%          3
 Call Imp                 Summ           30%        N/A       3%          2
 Scorch                   Fire           92%        2d10      3%          2
 Ignite Poison            Fire/Tmut/Pois 59%        N/A       3%          3
 Call Canine Familiar     Summ           30%        N/A       6%          3
 Confusing Touch          Hex            30%        N/A       6%          3
 Frozen Ramparts          Ice            92%        1d14      6%          3
 Gell's Gravitas          Tloc           30%        N/A       6%          3
 Lesser Beckoning         Tloc           30%        N/A       6%          3
 Portal Projectile        Hex/Tloc       60%        N/A       6%          3
 Summon Guardian Golem    Hex/Summ       30%        N/A       6%          3
 Teleport Other           Tloc           30%        N/A       6%          3
 Tukima's Dance           Hex            30%        N/A       6%          3
 Fulminant Prism          Conj/Hex       23%        3d13      9%          4
 Hailstorm                Conj/Ice       63%        3d13      9%          4
 Iskenderun's Mystic Bla  Conj/Tloc      46%        2d10      9%          4
 Sticky Flame             Conj/Fire      63%        2d8       9%          4
 Lightning Bolt           Conj/Air       35%        1d53      16%         5
 Cause Fear               Hex            15%        N/A       19%         4
 Ice Form                 Ice/Tmut       48%        N/A       19%         4
 Summon Ice Beast         Ice/Summ       46%        N/A       19%         4
 Freezing Cloud           Conj/Ice/Air   40%        6-21      24%         5
 Borgnjor's Revivificati  Necr           50%        N/A       24%         8
 Infestation              Necr           50%        N/A       24%         8
 Blade Hands              Tmut           16%        N/A       43%         5
 Manifold Assault         Tloc           30%        N/A       47%         5
 Haunt                    Necr/Summ      37%        N/A       56%         7
 Summon Cactus Giant      Summ           15%        N/A       96%         6
 Death's Door             Necr           50%        N/A       98%         9
 Necromutation            Tmut/Necr      38%        N/A       99%         8
 Discord                  Hex            15%        N/A       100%        8
 Maxwell's Capacitive Co  Air            31%        ∞         100%        8
 Animate Dead             Necr           Unusable   N/A       N/A         4
 Corpse Rot               Necr/Pois/Air  Unusable   N/A       N/A         4
 Blink                    Tloc           Unusable   N/A       N/A         2
 Simulacrum               Ice/Necr       Unusable   N/A       N/A         6

Dungeon Overview and Level Annotations

Branches:
Dungeon (15/15)            Temple (1/1) D:5            Lair (5/5) D:8
  Swamp (4/4) Lair:2        Snake (4/4) Lair:3        Slime (0/5) Lair:4
    Orc (2/2) D:9             Elf (0/3) Orc:2        Vaults (0/5) D:14
 Depths (0/4) D:15

Altars:
Ashenzari
Cheibriados
Dithmenos
Elyvilon
Fedhas
Gozag
Hepliaklqana
Kikubaaqudgha
Makhleb
Nemelex Xobeh
Okawaru
Qazlal
Ru
Sif Muna
Trog
Uskayaw
Vehumet
Wu Jian
Xom
Yredelemnul
Zin
The Shining One

Shops:
D:8 [:*   D:9 *:[[[   Orc:2 *?(?   Snake:2 [*   Snake:4 ?:*

Portals:
Trove: D:11 (give 11 potions of heal wounds)


Innate Abilities, Weirdness & Mutations

You cannot be hasted, slowed, berserked, paralysed or teleported.
You can dig through walls and to a lower floor.
You have a pair of large antennae on your head. (SInv)
Your four strong arms can wield two-handed weapons with a shield.
Your mind is acute. (Int +4, Str/Dex -1)
You are frail. (-10% HP)


Message History

You hold your ground!
You block the ice dragon's attack. x3
The ice dragon breathes frost at you. The blast of cold misses you.
You hit the ice dragon but do no damage.
The ice dragon is almost dead.
The four-headed hydra simulacrum is distracted by your dazzling golden aura.
The ice dragon breathes frost at you. The blast of cold hits you. You resist.
You block the ice dragon's attack. The ice dragon claws you!
The ice dragon tramples you but does no damage.
You hit the ice dragon.
The ice dragon is almost dead.
The four-headed hydra simulacrum is no longer distracted by gold.
You block the ice dragon's attack. The ice dragon closely misses you.
The ice dragon tramples you but does no damage.
You block the ice dragon's attack. x2
The ice dragon tramples you but does no damage.
You hit the ice dragon.
The ice dragon is almost dead.
The ice dragon bites you but does no damage.
You block the ice dragon's attack. The ice dragon closely misses you.
The ice dragon bites you but does no damage.
The ice dragon misses you. You block the ice dragon's attack.
You hit the ice dragon.
The ice dragon is almost dead.
The ice dragon misses you. You block the ice dragon's attack.
The ice dragon closely misses you.
The ice dragon bites you but does no damage.
You block the ice dragon's attack. The ice dragon closely misses you.
The ice dragon bites you!
You die...
Your body crumbles into a pile of gold.

#..#♣#♣≈.≈≈.~~~~~~~
#..# #≈.≈≈♣.~~~~~~.
#..# ♣♣..♣♣♣.~..~~.
#..##♣≈≈..♣♣♣.~..~.
##..#♣♣≈≈..♣♣~..♣.♣
##♣.##♣♣≈≈≈♣.♣~[.♣♣♣
#...##♣≈≈≈♣♣♣.§...♣♣
###..#♣≈≈♣♣ ♣♣..~♣♣~
##D@##♣♣♣♣♣♣♣♣.~.♣~~
#ZD♣# ♣♣≈≈.♣~♣♣~.
#ZZ# ♣♣≈≈....~...
#ZZ# ♣≈≈≈≈...~...
#?Z# ♣♣≈≈≈≈..~..≈
##.$# ♣♣≈≈≈≈≈.≈≈♣
##$.# ♣♣≈≈≈≈≈≈≈♣ .$#
♣♣♣≈≈≈≈♣♣ ≈$.°
♣♣♣♣♣♣


You could see 2 ice dragons, a seven-headed hydra simulacrum, a six-headed hydra
simulacrum, a five-headed hydra simulacrum and 3 four-headed hydra simulacra.

Vanquished Creatures
  Nikola (Swamp:4)
  Frances (Swamp:2)
  6 nagarajas (Snake:4)
  Kirke (D:12)
  A tengu reaver (D:15)
  A fenstrider witch (Swamp:2)
  An azure jelly (Swamp:4)
  A very ugly thing (D:15)
  A stone giant (D:15)
  8 eleionomae
  7 bunyips
  A yaktaur captain (D:14)
  A fire dragon (D:15)
  An ice dragon (Swamp:4)
  12 hydras
  3 rakshasas (D:15)
  Erolcha (Orc:1)
  4 boulder beetles
  4 salamander tyrants (Snake:4)
  3 ghost crabs
  4 centaur warriors
  5 anacondas
  An ogre mage (D:15)
  5 catoblepae
  4 death yaks (Lair:5)
  7 alligators
  11 two-headed ogres
  17 naga warriors
  6 naga sharpshooters
  A death scarab (Swamp:2)
  8 shock serpents
  4 spriggans
  Nergalle (Lair:1)
  A fire crab (D:15)
  Amaemon (D:11)
  5 salamander mystics
  3 bunyip zombies (Swamp:2)
  2 goliath frogs
  4 spriggan druids
  2 sea snakes (Snake:1)
  A sea snake (shapeshifter) (D:15)
  4 bog bodies
  A bunyip skeleton (Swamp:2)
  6 naga ritualists
  3 swamp dragons
  A glowing orange brain (D:15)
  6 orc knights
  A spriggan simulacrum (Swamp:2)
  A deep elf zephyrmancer (Orc:1)
  Pikel (D:7)
  A wizard (D:15)
  2 deep elf pyromancers
  14 mana vipers
  An orc sorcerer (Orc:1)
  9 salamanders
  3 ugly things (D:15)
  3 cyclopes
  4 manticores
  5 will-o-the-wisps
  15 elephants
  37 black mambas
  3 gargoyles
  14 naga magi
  An orange demon (D:11)
  11 cane toads
  A torpor snail (Lair:4)
  Psyche (D:11)
  8 guardian serpents
  4 unseen horrors
  3 rime drakes
  An efreet (D:13)
  9 komodo dragons
  2 yaktaurs (D:14)
  2 kobold demonologists (D:10)
  7 freezing wraiths
  6 trolls
  2 polar bears
  A bloated husk (Swamp:1)
  11 slime creatures
  12 tyrant leeches
  8 hornets
  A wind drake (shapeshifter) (D:14)
  Prince Ribbit (D:7)
  9 blink frogs
  A culicivora (shapeshifter) (D:13)
  A human (D:13)
  2 wraiths
  An air elemental (D:15)
  2 wyverns
  2 hogs (D:13)
  5 basilisks
  67 yaks
  A steam dragon (D:7)
  14 vampire mosquitoes
  2 swamp worm simulacra (Swamp:4)
  9 swamp worms
  Menkaure (D:5)
  A warg (Orc:1)
  47 nagas
  Edmund (D:5)
  2 acid dragons (D:12)
  9 water moccasins
  11 hydra simulacra (Swamp:4)
  5 swamp drakes
  A hornet zombie (Swamp:2)
  33 orc warriors
  2 black bears
  A sky beast (D:7)
  2 ice beasts
  4 ogres
  10 wolves
  13 centaurs
  3 lemures (D:7)
  A swamp dragon skeleton (Swamp:2)
  A phantom (D:5)
  4 kobold brigands
  2 gnoll sergeants
  8 bullfrogs
  A necrophage (D:6)
  An earth elemental (D:15)
  3 scorpions
  4 wights (D:9)
  16 killer bees
  5 howler monkeys
  3 electric eels
  A crimson imp (Orc:1)
  A lava snake (D:13)
  14 orc priests
  4 hounds
  A jelly (D:7)
  An iguana (D:7)
  An iron imp (Orc:1)
  Jessica (D:2)
  18 orc wizards
  12 gnolls
  4 adders
  4 shadow imps
  3 white imps
  4 ufetubi
  6 swamp drake simulacra (Swamp:4)
  4 worms
  2 dart slugs
  68 orcs
  6 endoplasms
  3 giant cockroaches
  7 goblins
  2 hobgoblins
  2 jackals (D:3)
  4 quokkas
  2 ball pythons (D:1)
  3 bats
  2 frilled lizards
  16 kobolds
  7 rats
893 creatures vanquished.

Vanquished Creatures (others)
  2 alligators (Swamp:4)
  A bog body (Swamp:4)
  A bloated husk (Swamp:4)
  A human (D:13)
  A swamp worm (Swamp:4)
  16 foxfires
  15 fungi
  67 plants
104 creatures vanquished.

Grand Total: 997 creatures vanquished

Notes
Turn   | Place    | Note
-------+----------+-------------------------------------------
     0 | D:1      | DildoBatman the Formicid Conjurer began the quest for the
                  | Orb.
     0 | D:1      | Reached XP level 1. HP: 13/13 MP: 3/3
   120 | D:1      | Got the Secrets of Hindering Transformation
   305 | D:1      | Reached XP level 2. HP: 20/20 MP: 0/5
   308 | D:1      | Learned a level 2 spell: Searing Ray
   866 | D:2      | Reached skill level 1 in Fighting
   866 | D:2      | Reached skill level 1 in Armour
   937 | D:2      | Reached XP level 3. HP: 26/26 MP: 0/6
  1031 | D:2      | Noticed Jessica
  1191 | D:2      | Learned a level 3 spell: Vampiric Draining
  1267 | D:2      | Found a faded altar of an unknown god.
  1759 | D:3      | Reached XP level 4. HP: 32/32 MP: 3/8
  2130 | D:3      | Found a glowing silver altar of Zin.
  2321 | D:4      | Found a radiant altar of Vehumet.
  2399 | D:4      | Noticed a scorpion
  2524 | D:4      | Noticed an ogre
  2531 | D:4      | Reached skill level 1 in Necromancy
  2531 | D:4      | Reached XP level 5. HP: 28/38 MP: 1/9
  2624 | D:4      | Killed an ogre
  2625 | D:4      | Reached XP level 6. HP: 6/46 MP: 0/11
  2853 | D:4      | Noticed a black bear
  2929 | D:4      | Killed a black bear
  3121 | D:4      | Reached XP level 7. HP: 52/52 MP: 4/13
  3507 | D:5      | Entered Level 5 of the Dungeon
  3753 | D:5      | Noticed Edmund
  3847 | D:5      | Learned a level 3 spell: Mephitic Cloud
  3927 | D:5      | Found a white marble altar of Elyvilon.
  3929 | D:5      | Noticed Menkaure
  4247 | D:5      | Found a staircase to the Ecumenical Temple.
  4254 | Temple   | Entered the Ecumenical Temple
  4572 | D:4      | Reached skill level 1 in Poison Magic
  5137 | D:5      | Found a bloodstained altar of Trog.
  5137 | D:5      | Found an ancient bone altar of Kikubaaqudgha.
  5137 | D:5      | Found a hazy altar of Hepliaklqana.
  5137 | D:5      | Found a shadowy altar of Dithmenos.
  5138 | D:5      | Found a blossoming altar of Fedhas.
  5148 | D:5      | Became a worshipper of Kikubaaqudgha
  5290 | D:2      | Killed Jessica
  5291 | D:2      | Reached skill level 5 in Spellcasting
  5301 | D:2      | Got Jessica's Almanac of the Map
  5418 | D:5      | Killed Menkaure
  5419 | D:5      | Reached skill level 1 in Air Magic
  5419 | D:5      | Reached XP level 8. HP: 58/58 MP: 9/15
  5451 | D:5      | You are sucked into a shaft and drop 2 floors!
  5746 | D:7      | Noticed Pikel
  5813 | D:7      | Killed Pikel
  5814 | D:7      | Reached XP level 9. HP: 63/63 MP: 11/19
  5852 | D:7      | Noticed Prince Ribbit
  5865 | D:7      | Killed Prince Ribbit
  5979 | D:7      | Reached * piety under Kikubaaqudgha
  5979 | D:7      | Received a gift from Kikubaaqudgha
  5983 | D:7      | Learned a level 2 spell: Sublimation of Blood
  6497 | D:6      | Reached skill level 1 in Shields
  6558 | D:6      | Identified the +7 spear of the Poles {freeze, rC+ rCorr
                  | Str+3}
  7001 | D:5      | Killed Edmund
  7490 | D:8      | Found Raenn's Assorted Antiques.
  7499 | D:8      | Bought a white potion for 22 gold pieces
  7499 | D:8      | Bought a scroll labelled ROKIONTERI for 25 gold pieces
  7499 | D:8      | Bought a pink potion for 22 gold pieces
  7618 | D:8      | Found Ymnistriogh's Book Shop.
  7622 | D:8      | Noticed a two-headed ogre
  7647 | D:8      | Killed a two-headed ogre
  7648 | D:8      | Reached XP level 10. HP: 59/70 MP: 5/20
  7668 | D:8      | Reached ** piety under Kikubaaqudgha
  7790 | D:8      | Found a shimmering blue altar of Sif Muna.
  7796 | D:8      | Got Sif Muna's Collected Works on Metamorphosis
  7799 | D:8      | Got Sif Muna's Monograph on the Remoulded Spider
  7859 | D:8      | Found Ytta's Antique Armour Boutique.
  7996 | D:8      | Found a staircase to the Lair.
  8190 | D:9      | Noticed a two-headed ogre
  8256 | D:9      | Reached skill level 1 in Polearms
  8358 | D:9      | Found Xeid's Armour Shoppe.
  8452 | D:9      | Found a shimmering altar of Xom.
  8512 | D:9      | Found Ceen's Armour Shoppe.
  8516 | D:9      | Killed a two-headed ogre
  8517 | D:9      | Reached skill level 5 in Fighting
  8517 | D:9      | Reached skill level 5 in Armour
  8517 | D:9      | Reached XP level 11. HP: 79/79 MP: 4/21
  8554 | D:9      | Found Noxkois's Armour Shop.
  8682 | D:9      | Reached *** piety under Kikubaaqudgha
  8682 | D:9      | Received a gift from Kikubaaqudgha
  8689 | D:9      | Learned a level 4 spell: Dispel Undead
  8695 | D:9      | Learned a level 5 spell: Borgnjor's Vile Clutch
  8725 | D:9      | Found a staircase to the Orcish Mines.
  8733 | D:9      | Reached skill level 1 in Earth Magic
  8737 | D:9      | Reached skill level 2 in Earth Magic
  8895 | D:9      | Found Gogeig's Book Shoppe.
  8915 | D:9      | Found Vauteh's General Store.
  8923 | D:9      | Bought 2 potions of mutation for 224 gold pieces
  8923 | D:9      | Bought a +0 tower shield for 63 gold pieces
  8923 | D:9      | Gained mutation: You are strong-willed. (Will+) [potion of
                  | mutation]
  8923 | D:9      | Gained mutation: You are weak. (Str -2) [potion of
                  | mutation]
  8924 | D:9      | Lost mutation: You are weak. (Str -2) [potion of mutation]
  8924 | D:9      | Lost mutation: You are strong-willed. (Will+) [potion of
                  | mutation]
  8924 | D:9      | Gained mutation: Your body sometimes deteriorates upon
                  | taking damage. [potion of mutation]
  8939 | D:10     | Entered Level 10 of the Dungeon
  8953 | D:10     | Reached skill level 3 in Earth Magic
  8954 | D:10     | Reached skill level 4 in Earth Magic
  8990 | D:10     | Found an iron altar of Okawaru.
  9009 | D:10     | Reached skill level 5 in Earth Magic
  9102 | D:10     | Reached skill level 6 in Earth Magic
  9117 | D:10     | Found an ornate altar of the Wu Jian Council.
  9201 | D:10     | Reached skill level 7 in Earth Magic
  9306 | D:10     | Noticed a two-headed ogre
  9321 | D:10     | Killed a two-headed ogre
  9322 | D:10     | Reached skill level 8 in Earth Magic
  9554 | D:11     | Noticed a two-headed ogre
  9566 | D:11     | Killed a two-headed ogre
  9567 | D:11     | Reached skill level 9 in Earth Magic
  9632 | D:11     | Found a sparkling altar of Nemelex Xobeh.
  9701 | D:11     | Reached skill level 10 in Shields
  9701 | D:11     | Reached XP level 12. HP: 85/86 MP: 11/22
  9763 | D:11     | Identified the +7 dagger of Dried Tears {vorpal, rPois rF+
                  | rC+++ Dex-4}
  9931 | D:11     | Noticed Psyche
  9942 | D:11     | Killed Psyche
  9943 | D:11     | Reached skill level 10 in Earth Magic
 10153 | D:11     | Noticed Amaemon
 10155 | D:11     | Reached **** piety under Kikubaaqudgha
 10198 | D:11     | Killed Amaemon
 10376 | D:11     | Found a portal to a secret trove of treasure.
 10524 | Orc:1    | Entered Level 1 of the Orcish Mines
 10939 | Orc:1    | Noticed Erolcha
 10955 | Orc:1    | Killed Erolcha
 11000 | Orc:1    | Reached ***** piety under Kikubaaqudgha
 11096 | Orc:1    | Identified the +0 hat of the Great Game {Fly rPois}
 11279 | Orc:2    | Entered Level 2 of the Orcish Mines
 11337 | Orc:2    | Noticed a two-headed ogre
 11345 | Orc:2    | Killed a two-headed ogre
 11416 | Orc:2    | Found a staircase to the Elven Halls.
 11425 | Orc:1    | Reached skill level 15 in Shields
 11507 | Orc:2    | Found an iron altar of Okawaru.
 11696 | Orc:2    | Reached XP level 13. HP: 74/90 MP: 19/24
 12216 | Orc:2    | Found Osent's Weapon Emporium.
 12216 | Orc:2    | Found Piesmeaczai's Magic Scroll Boutique.
 12216 | Orc:2    | Found Hebreyxu's General Store.
 12219 | Orc:2    | Found Jurad's Magic Scroll Shoppe.
 12514 | Orc:2    | Reached skill level 11 in Earth Magic
 12831 | D:12     | Reached skill level 10 in Necromancy
 13760 | D:13     | Noticed a boulder beetle
 13773 | D:13     | Killed a boulder beetle
 13874 | D:13     | Noticed a centaur warrior
 13882 | D:13     | Reached skill level 12 in Earth Magic
 13883 | D:13     | Killed a centaur warrior
 13999 | D:13     | Noticed a boulder beetle
 14012 | D:13     | Killed a boulder beetle
 14152 | D:13     | Noticed Kirke
 14326 | D:13     | Reached ****** piety under Kikubaaqudgha
 14327 | D:13     | Received a gift from Kikubaaqudgha
 14328 | D:13     | Fell from the grace of Kikubaaqudgha
 14532 | Temple   | Became a worshipper of Gozag Ym Sagoz the Greedy
 14564 | D:5      | You are sucked into a shaft and drop 1 floor!
 14722 | D:12     | Killed Kirke
 14820 | D:13     | Noticed a catoblepas
 14834 | D:13     | Killed a catoblepas
 15184 | Lair:1   | Entered Level 1 of the Lair of Beasts
 15213 | Lair:1   | Noticed a five-headed hydra
 15217 | Lair:1   | Reached XP level 14. HP: 84/87 MP: 23/27
 15222 | Lair:1   | Reached skill level 10 in Spellcasting
 15232 | Lair:1   | Noticed Nergalle
 15240 | Lair:1   | Killed Nergalle
 15994 | Lair:2   | Found a staircase to the Swamp.
 16007 | Lair:2   | Found a glowing silver altar of Zin.
 16835 | Lair:3   | Found a staircase to the Snake Pit.
 16872 | Lair:3   | Reached skill level 5 in Dodging
 17800 | Lair:4   | Reached XP level 15. HP: 105/108 MP: 10/30
 17824 | Lair:4   | Found a staircase to the Slime Pits.
 18499 | Lair:5   | Entered Level 5 of the Lair of Beasts
 18984 | Lair:5   | Identified the ring "Atoiwuqasm" {Int+4 Dex+6}
 19079 | Lair:5   | Identified the +7 falchion "Pozamaofo" {protect, *Slow rC-
                  | Will+++ rCorr}
 19432 | Lair:5   | Got the Grimoire of Arenous Poisoning
 19440 | Lair:5   | Learned a level 6 spell: Iron Shot
 19478 | Lair:5   | Identified the +0 ring mail "Amemu" {Contam +Inv Str+4}
 19861 | D:8      | You fall into a shaft and drop 2 floors!
 19864 | D:10     | You fall into a shaft and drop 2 floors!
 20041 | D:14     | Found a gate to the Vaults.
 20414 | D:14     | Was forgiven by Kikubaaqudgha
 20584 | D:15     | Entered Level 15 of the Dungeon
 20659 | D:15     | Noticed a tengu reaver
 20665 | D:15     | Gained mutation: You have large cloven feet. [mutagenic
                  | glow]
 20683 | D:15     | Killed a tengu reaver
 20694 | D:15     | Noticed a stone giant
 20700 | D:15     | Killed a stone giant
 20720 | D:15     | Reached XP level 16. HP: 107/121 MP: 23/32
 20744 | D:15     | Reached skill level 10 in Fighting
 20744 | D:15     | Reached skill level 10 in Armour
 21688 | D:15     | Found a staircase to the Depths.
 21901 | D:15     | Lost mutation: Your body sometimes deteriorates upon taking
                  | damage. [potion of mutation]
 21901 | D:15     | Lost mutation: You have large cloven feet. [potion of
                  | mutation]
 21901 | D:15     | Gained mutation: You are frail. (-10% HP) [potion of
                  | mutation]
 21901 | D:15     | Gained mutation: Your mind is acute. (Int +4, Str/Dex -1)
                  | [potion of mutation]
 22078 | Snake:1  | Entered Level 1 of the Snake Pit
 22600 | Snake:1  | Learned a level 6 spell: Statue Form
 22671 | Snake:1  | Reached XP level 17. HP: 16/119 MP: 8/33
 23120 | Snake:2  | Found a flickering gateway to a bazaar.
 23153 | Bazaar   | Entered a bazaar
 23171 | Bazaar   | Found Poap's Weapon Shop.
 23184 | Bazaar   | Found Fyaniuz's Antique Armour Boutique.
 23184 | Bazaar   | Found Wiadeus's Magic Scroll Shop.
 23190 | Bazaar   | Bought a scroll of immolation for 52 gold pieces
 23190 | Bazaar   | Bought a scroll of fear for 52 gold pieces
 23190 | Bazaar   | Bought a scroll of torment for 123 gold pieces
 23190 | Bazaar   | Bought a scroll of enchant armour for 97 gold pieces
 23190 | Bazaar   | Bought a scroll of immolation for 52 gold pieces
 23190 | Bazaar   | Bought a scroll of enchant armour for 97 gold pieces
 23190 | Bazaar   | Bought 3 scrolls of fog for 156 gold pieces
 23196 | Bazaar   | Bought an ancient scale mail for 162 gold pieces
 23196 | Bazaar   | Identified the +2 scale mail of Okawaru's Regard {Harm rN+
                  | Dex+4 SInv} (You bought it in a shop in a bazaar)
 23210 | Bazaar   | Found Leves's General Store.
 23216 | Bazaar   | Bought a wand of quicksilver (4) for 319 gold pieces
 23216 | Bazaar   | Bought a potion of brilliance for 76 gold pieces
 23216 | Bazaar   | Bought a potion of mutation for 152 gold pieces
 23216 | Bazaar   | Bought a wand of roots (8) for 364 gold pieces
 23216 | Bazaar   | Bought a potion of curing for 57 gold pieces
 23287 | Snake:2  | Found Juca's Antique Armour Boutique.
 23538 | Snake:2  | Found Minil's General Store.
 23551 | Snake:2  | Bought a potion of heal wounds for 80 gold pieces
 23551 | Snake:2  | Bought a potion of curing for 48 gold pieces
 23551 | Snake:2  | Bought a wand of quicksilver (7) for 470 gold pieces
 24698 | Snake:3  | Reached skill level 13 in Earth Magic
 24871 | Snake:4  | Entered Level 4 of the Snake Pit
 24962 | Snake:4  | Found Suamid's Assorted Antiques.
 24964 | Snake:4  | Found Lodiutwao's Book Boutique.
 24966 | Snake:4  | Found Kovo's Magic Scroll Shop.
 24970 | Snake:4  | Bought a potion of curing for 129 gold pieces
 24970 | Snake:4  | Bought 2 pink potions for 77 gold pieces
 24970 | Snake:4  | Bought a potion of heal wounds for 215 gold pieces
 24974 | Snake:4  | Bought a scroll of immolation for 68 gold pieces
 25366 | Snake:4  | Reached skill level 14 in Earth Magic
 25480 | Snake:4  | Reached XP level 18. HP: 58/126 MP: 8/35
 25717 | Snake:4  | Got a serpentine rune of Zot
 26094 | Snake:4  | Found a white marble altar of Elyvilon.
 26835 | Swamp:1  | Entered Level 1 of the Swamp
 26953 | Swamp:1  | Reached skill level 15 in Earth Magic
 27439 | Swamp:2  | Noticed Frances
 27452 | Swamp:2  | Killed Frances
 27902 | Swamp:2  | Found an ancient bone altar of Kikubaaqudgha.
 27910 | Swamp:2  | Got Sileko's Volume of Mortification
 28096 | Swamp:2  | Learned a level 4 spell: Flame Wave
 28383 | Swamp:3  | Reached skill level 16 in Earth Magic
 28496 | Swamp:3  | Reached skill level 15 in Spellcasting
 28496 | Swamp:3  | Reached skill level 15 in Necromancy
 28506 | Swamp:3  | Reached XP level 19. HP: 131/131 MP: 24/38
 28689 | Swamp:4  | Entered Level 4 of the Swamp
 28754 | Swamp:4  | Noticed Nikola
 28768 | Swamp:4  | Killed Nikola
 29525 | Swamp:4  | HP: 4/131 [ice dragon (9)]
 29528 | Swamp:4  | Slain by an ice dragon

Illustrated notes

Levels and vault maps discovered:
D:1:      wander_arrival_lonely_grave, layout_loops_ring
D:2:      layout_loops_ring, ebering_ecumenical_altar_webs, grunt_ministairs_2,
          minmay_misc_feat_chi, kennysheep_jessica_study
D:3:      layout_loops_ring, general_overflow_altar
D:4:      layout_basic, nicolae_vehumet_altar_sigil
D:5:      layout_loops_cross, grunt_temple_overflow_open,
          minmay_temple_entry_tees, kennysheep_donut, uniq_edmund, uniq_menkaure
D:6:      layout_basic
D:7:      layout_loops_ring, uniq_pikel, uniq_prince_ribbit1
D:8:      layout_rooms, nicolae_sif_muna_little_library, lair_entry_dummy,
          serial_shops, nicolae_square_shop, nicolae_shop_crystal,
          nicolae_shop_waterfront
D:9:      layout_basic, lemuel_round_altar, david_orc_4, serial_shops, shop,
          kennysheep_mini, nicolae_shop_crystal, nicolae_shop_behind_doors,
          nicolae_shop_trees
D:10:     layout_basic, nicolae_wu_jian_wuxing_cycle, lemuel_tele_altar
D:11:     layout_basic, serial_glass, glass_columns_b, glass_columns_b,
          trove_entry_hex_spiral, chequers_decorated_corner,
          nemelex_lonely_heart_becter, uniq_amaemon, uniq_psyche
D:12:     layout_roguey
D:13:     layout_basic, uniq_kirke
D:14:     layout_basic, david_vaults_2, amethyst_killhole
D:15:     gammafunk_enter_depths_forms, layout_loops_ring, serial_glass,
          glass_columns_b, glass_columns_a, chequers_serial_rivers_large_a,
          dilly_guarded_unrand_elemental_staff
Temple:   dpeg_chambers_temple
Lair:1:   layout_small_grid, uniq_nergalle
Lair:2:   layout_cave_shapes, swamp_mist_pool, basic_altar, dreamdust_wasp_nest
Lair:3:   layout_loops_ring, minmay_snake_entry_guardpost_small,
          grunt_megastairs_5
Lair:4:   layout_layer_cave, slime_entry_1, lemuel_fruit_tree,
          infiniplex_staircase_pool
Lair:5:   evilmike_catoblepas_cave, layout_cave_pods,
          nicolae_lair_grazing_beasts [nicolae_sub_lair_graze_edge,
          nicolae_sub_lair_graze_edge, nicolae_sub_lair_graze_edge,
          nicolae_sub_lair_graze_edge], grunt_megastairs_1
Swamp:1:  layout_basic_swamp, evilmike_swamp_ruin_house_1
Swamp:2:  layout_basic_swamp, evilmike_swamp_ruin_rubble_1, swamp_pool5,
          beargit_kiku_chapel, uniq_frances
Swamp:3:  layout_falls_marsh, evilmike_swamp_ruin_rubble_2
Swamp:4:  swamp_icy, layout_basic_swamp, uniq_nikola
Snake:1:  layout_concentric_octagons, serial_bayou_shore_b, serial_bayou_shore_a
Snake:2:  layout_chambers, serial_shops, bzr_entry_gold, shop,
          nicolae_shop_hallway_plus
Snake:3:  layout_grid_maze
Snake:4:  johnstein_snake_rune_scales, layout_chambers, basic_altar,
          st_stairs_13, drop_trap, serial_bayou_shore_b, minmay_shop_star,
          serial_bayou_shore_b
Orc:1:    layout_diamond_mine, basic_altar, hangedman_minor_magic, uniq_erolcha
Orc:2:    st_orc_rangers, layout_caves, okawaru_metal_pillars_3

Skill      XL: |  1  2  3  4  5  6  7  8  9 10 11 12 13 14 15 16 17 18 |
---------------+-------------------------------------------------------+-----
Dodging        | 2 3 5 7 9 |  9.0
Fighting       | 1 2 3 5 7 9 12 | 12.0
Armour         | 1 2 3 5 7 9 12 | 12.0
Conjurations   | 4 |  4.0
Spellcasting   | 3 4 5 7 9 11 12 13 15 | 15.3
Necromancy     | 1 3 4 6 7 8 9 11 12 13 15 | 15.3
Poison Magic   | 2 4 |  4.0
Air Magic      | 1 2 |  2.0
Shields        | 7 9 10 15 | 15.0
Polearms       | 2 |  2.0
Earth Magic    | 9 10 12 14 16 | 16.5
Stealth        | |  2.4
Transmutations | |  0.3

Action                   |  1- 3 |  4- 6 |  7- 9 | 10-12 | 13-15 | 16-18 | 19-21 || total
-------------------------+-------+-------+-------+-------+-------+-------+-------++-------
Melee: Club              |     4 |       |       |       |       |       |       ||     4
       Staff             |     7 |     2 |       |     3 |     3 |   470 |    59 ||   544
       Falchion          |       |     9 |     5 |       |    52 |    20 |       ||    86
       Dagger            |       |       |     7 |       |       |     5 |       ||    12
       Spear             |       |       |    30 |   126 |   299 |     5 |       ||   460
       Halberd           |       |       |    15 |       |       |       |       ||    15
       Unarmed           |       |       |       |       |    12 |       |       ||    12
 Fire: Arbalest          |       |       |     6 |    24 |    17 |     1 |       ||    48
 Cast: Magic Dart        |    59 |    57 |    49 |    12 |     1 |       |       ||   178
       Searing Ray       |     3 |    12 |    42 |    29 |       |       |       ||    86
       Mephitic Cloud    |       |       |    30 |    30 |     4 |       |       ||    64
       Vampiric Draining |       |       |    21 |    47 |    57 |    34 |       ||   159
       Borgnjor's Vile C |       |       |       |    87 |   214 |   305 |    46 ||   652
       Dispel Undead     |       |       |       |     7 |     3 |     5 |     5 ||    20
       Sublimation of Bl |       |       |       |     2 |     4 |     6 |     5 ||    17
       Iron Shot         |       |       |       |       |     1 |     9 |     7 ||    17
       Flame Wave        |       |       |       |       |       |     2 |       ||     2
Invok: Receive Forbidden |       |       |       |       |     1 |       |       ||     1
       Renounce Religion |       |       |       |       |     1 |       |       ||     1
 Abil: Shaft Self        |       |       |     1 |       |     3 |       |       ||     4
       Dig               |       |       |       |     4 |     7 |     7 |       ||    18
Evoke: Phantom mirror    |       |       |       |       |       |     1 |       ||     1
  Use: Scroll            |       |     3 |     2 |    11 |    10 |     9 |       ||    35
       Potion            |       |       |       |     2 |       |     2 |       ||     4
 Stab: Sleeping          |     3 |       |     1 |       |       |       |       ||     4
       Confused          |       |       |     7 |     5 |     1 |       |       ||    13
       Distracted        |       |       |       |       |       |    10 |       ||    10
Armor: Robe              |     7 |     3 |    14 |    23 |     2 |       |       ||    49
       Troll leather arm |       |       |       |       |    89 |   195 |    34 ||   318
Dodge: Dodged            |     8 |    12 |    47 |    60 |   132 |   264 |    48 ||   571
Block: Buckler           |       |       |     2 |     1 |       |       |       ||     3
       Kite shield       |       |       |       |    63 |       |   277 |    80 ||   420
       Tower shield      |       |       |       |    51 |   386 |   271 |       ||   708
       Reflection        |       |       |       |       |       |    28 |     1 ||    29
